 Dungeon Crawl Stone Soup version 0.32-a0-656-g3542139ebd (webtiles) character file.

Game seed: 15247050279290612516

7004 ytrimaz the Mimic (level 10, -3/93 HPs)
             Began as a Demigod Shapeshifter on Mar 8, 2024.
             Killed by divine providence
             ... invoked by an orc priest
              (15 damage)
             ... on level 9 of the Dungeon.
             The game lasted 00:12:59 (9295 turns).

ytrimaz the Mimic (Demigod Shapeshifter)            Turns: 9295, Time: 00:13:00

Health: -3/93      AC:  9    Str: 24    XL:     10   Next: 53%
Magic:  13/13      EV: 16    Int: 12    God:
Gold:   752        SH:  0    Dex: 21    Spells: 9/9 levels left

rFire   . .          .
                       - Unarmed
rCold   . . .        (shield currently unavailable)
rNeg    . . .        a - melded +0 plate armour
rPois   +            m - melded +1 helmet
rElec   .            (cloak currently unavailable)
rCorr   .            (gloves currently unavailable)
SInv    .            (boots currently unavailable)
Will    +....        (no amulet)
Stlth   ++           (no ring)
HPRegen 0.35/turn    (no ring)
MPRegen 0.13/turn

%: no passive effects
@: snake-form
A: constrict, boosted hp, large, high MP 1, forlorn, divine attributes
a: Begin Untransformation


You were on level 9 of the Dungeon.
You were an enormous serpent.
You visited 1 branch of the dungeon, and saw 9 of its levels.
You also visited: Ossuary.

You collected 793 gold pieces.
You spent 41 gold pieces at shops.


Innate Abilities, Weirdness & Mutations

You are an enormous serpent.
You have a powerful constriction melee attack.
Your maximum health is increased.
Your armour is entirely melded.
You are incapable of wielding weapons or throwing items.
You have an increased reservoir of magic. (+10% MP)
You shall have no god before yourself.
Your divine heritage dramatically boosts your attributes as you level up.


   Skills:
 - Level 4.0 Fighting
 - Level 0.1 Polearms
 + Level 10.0 Dodging
 + Level 5.2 Unarmed Combat
 + Level 10.7 Shapeshifting


You had 9 spell levels left.
You didn't know any spells.
Your spell library contained the following spells:

 Spells                   Type           Power      Damage    Failure   Level
 Lesser Beckoning         Tloc           0%         N/A       45%         2
 Mercury Vapours          Alch/Air       0%         N/A       45%         2
 Gell's Gravitas          Tloc           0%         N/A       69%         3
 Mephitic Cloud           Conj/Alch/Air  0%         N/A       69%         3
 Teleport Other           Tloc           0%         N/A       69%         3
 Volatile Blastmotes      Fire/Tloc      0%         2d10      69%         3
 Fulminant Prism          Conj/Alch      0%         3d5       97%         4
 Iskenderun's Mystic Bla  Conj/Tloc      0%         2d3       97%         4
 Freezing Cloud           Conj/Ice/Air   0%         6-21      100%        5

Inventory:

Hand Weapons
 l - a +1 short sword of electrocution
   (You took it off a kobold on level 1 of the Dungeon)
 n - a +1 rapier of speed
   (You found it on level 2 of the Dungeon)
Armour
 a - a +0 plate armour (melded)
   (You found it on level 7 of the Dungeon)
 m - a +1 helmet (melded)
   (You found it on level 1 of the Dungeon)
 u - a +1 leather armour of cold resistance
   (You found it on level 4 of the Dungeon)
Jewellery
 p - a ring of magical power
   (You took it off Erica on level 8 of the Dungeon)
 A - a ring of ice
   (You took it off a wight on level 7 of the Dungeon)
 D - a ring of fire
   (You found it on level 9 of the Dungeon)
Talismans
 c - a beast talisman
 d - a flux talisman
 x - a maw talisman
   (You found it on level 6 of the Dungeon)
 y - a serpent talisman (active)
   (You found it on level 7 of the Dungeon)
Scrolls
 e - 2 scrolls of poison
 f - a scroll of teleportation
 h - 3 scrolls of vulnerability
 k - 3 scrolls of fear
 q - 4 scrolls of enchant weapon
 v - a scroll of brand weapon
 w - 2 scrolls of summoning
 z - a scroll of silence
Potions
 b - 3 potions of lignification
 g - 2 potions of ambrosia
 i - a potion of might
 j - a potion of enlightenment
 o - 2 potions of curing
 r - a potion of magic
 t - a potion of resistance
 B - a potion of attraction
 C - a potion of haste

Dungeon Overview and Level Annotations

Branches:
Dungeon (9/15) Zot: 26648  Temple (0/1) D:7         Ossuary (visited)
   Lair: D:8-11         Orc: D:9-12

Shops:
D:1 = D:2

*!* ##.## ...#.# ##
......# ##. #
.#o....##.# ####
l.........###### ###
###...
#...........###.###..###
#[....o......###....##
###..#l###.........##
####)S#.##.#####.#
######### ###
########### ##..........
............ #.......[..


You could see a komodo dragon and an orc priest.


Message History

You lash the wyvern!
You kill the wyvern!
Your life force feels restored.
Unknown command. 😮 HP[+1]
You now have 93 max hp (+1).
Okay, then.
You lash the basilisk! You grab the basilisk. You constrict the basilisk.
The howler monkey hoots and howls with incredible vigour!
The basilisk bites you. 😮 HP[-1]
You take 1 damage, and now have 58/93 hp.
Unknown command.
You hit the basilisk. You constrict the basilisk. The basilisk misses you.
Unknown command.
You hit the basilisk. You constrict the basilisk.
You kill the basilisk!
The orc priest miscasts a cantrip. 😮 HP[+1] Unknown command.
You hit the swamp drake. You grab the swamp drake.
You constrict the swamp drake. The swamp drake bites you. 😮 HP[-4]
You take 4 damage, and now have 55/93 hp.
Unknown command.
You completely miss the swamp drake. You constrict the swamp drake.
The swamp drake barely misses you.
The howler monkey hoots and howls with incredible vigour!
Unknown command.
You body-slam the swamp drake!!
You constrict the swamp drake.
You kill the swamp drake!
Your Dodging skill increases to level 10!
Unknown command.
You closely miss the howler monkey. You grab the howler monkey.
You constrict the howler monkey.
The howler monkey completely misses you.
The orc priest miscasts a cantrip. 😮 HP[+1]
You lash the howler monkey! You constrict the howler monkey!
You kill the howler monkey!
You closely miss the orc. You grab the orc. You constrict the orc.
The orc struggles to escape constriction.
You lash the orc!
You kill the orc! 😮 HP[+1]
Something hits you. 😮 HP[-1]
You take 1 damage, and now have 56/93 hp.
You lash something! You barely miss something.
The orc priest begins to cast a cantrip, but forgets the words!
You hear some strange, mumbled words.
A magic dart appears from out of thin air!
The magic dart hits you!
The orc warrior hits you with a +0 war axe!
* * * LOW HITPOINT WARNING * * *
😨 HP[-17]
You take 17 damage, and now have 39/93 hp.
You closely miss something. Something hits you.
* * * LOW HITPOINT WARNING * * *
The orc warrior barely misses you. 😨 HP[-2]
You take 2 damage, and now have 37/93 hp.
Unknown command.
You lash something!
Reactivating autopickup.
You feel a bit more experienced. The orc warrior barely misses you.
Unknown command.
You barely miss the orc warrior. You grab the orc warrior.
You constrict the orc warrior!
The orc warrior barely misses you. 😨 HP[+1]
You hit the orc warrior but do no damage.
You constrict the orc warrior, but do no damage.
The orc priest looks satisfied for a moment.
The orc warrior struggles to escape constriction.
You hit the orc warrior but do no damage.
You constrict the orc warrior.
The orc warrior struggles to escape constriction.
You body-slam the orc warrior!!
You kill the orc warrior! 😨 HP[+1] Unknown command.
You feel much better. The komodo dragon bites you! 😮 HP[+9]
You regained 9 hp, and now have 48/93 hp.
Unknown command.
You hit the komodo dragon but do no damage.
You grab the komodo dragon. You constrict the komodo dragon.
The komodo dragon barely misses you.
The orc priest calls down the wrath of Beogh upon you.
Beogh smites you!
* * * LOW HITPOINT WARNING * * *
😨 HP[-15]
You take 15 damage, and now have 33/93 hp.
You lash the komodo dragon! You constrict the komodo dragon.
The komodo dragon bites you!!
* * * LOW HITPOINT WARNING * * *
The orc priest mumbles some strange prayers to Beogh against you.
Beogh smites you!
You die...

Skill      XL: |  1  2  3  4  5  6  7  8  9 10 |
---------------+-------------------------------+-----
Fighting       | 1 2 3 4 |  4.0
Unarmed Combat | 3 4 5 |  5.2
Shapeshifting  | 3 7 8 9 10 | 10.7
Dodging        | 7 8 9 10 | 10.0
Polearms       | |  0.1

Action                     |  1- 3 |  4- 6 |  7- 9 | 10-12 || total
---------------------------+-------+-------+-------+-------++-------
  Melee: Unarmed           |    68 |       |    68 |    85 ||   221
         Punch             |     3 |       |     1 |       ||     4
         Short sword       |    12 |       |       |       ||    12
         Rapier            |    15 |    37 |       |       ||    52
         Spear             |       |    38 |   344 |       ||   382
         Maw               |       |       |    24 |       ||    24
         Constrict         |       |       |     4 |    26 ||    30
    Use: Scroll            |     9 |     4 |     7 |     5 ||    25
         Potion            |       |     2 |     7 |     2 ||    11
   Stab: Sleeping          |     2 |     5 |     8 |       ||    15
 Armour: Animal skin       |    48 |    25 |     6 |       ||    79
         Skin              |       |     1 |    66 |    62 ||   129
         Leather armour    |       |       |    86 |       ||    86
         Plate armour      |       |       |    94 |       ||    94
  Dodge: Dodged            |    62 |    37 |   289 |    85 ||   473
   Form: Serpent           |       |       |     1 |       ||     1
         Maw               |       |       |     1 |       ||     1

Levels and vault maps discovered:
D:1:      nicolae_arrival_washed_ashore, layout_rooms, corexii_leaking_fountain,
          solitary_fountain, nicolae_shop_unique_rings, minmay_hexomino_f4
D:2:      cheibrodos_pilgrimage, layout_basic, serial_shops, shop,
          nicolae_shop_advertising_works [nicolae_subvault_shop_adworks], shop,
          shop, hangedman_abyss_or_decor_stabs
D:3:      layout_basic, uniq_sigmund
D:4:      layout_basic, minmay_divided_ellipse, uniq_eustachio
D:5:      layout_gridville, grunt_temple_overflow_diamond
D:6:      lemuel_ice_spiral_2, layout_rooms, roderic_roman_lattice
D:7:      nicolae_cairo_tiling_very_big, layout_basic, minmay_temple_entry_hall,
          nicolae_ossuary_entry_false_entrances, enter_bailey_8,
          minmay_diced_spiral, uniq_joseph
D:8:      layout_basic, hellmonk_overflow_destroyed_library, minitemple,
          minmay_misc_feat_secret_circle, uniq_pikel, uniq_erica
D:9:      layout_roguey, marbit_many_paths, erik_lair_dragon, hiddenorc1_lemuel,
          david_defended_altar_orc

Notes
Turn   | Place    | Note
-------+----------+-------------------------------------------
     0 | D:1      | ytrimaz the Demigod Shapeshifter began the quest for the
                  | Orb.
     0 | D:1      | Reached XP level 1. HP: 15/15 MP: 3/3
     0 | D:1      | magus.rc [v1.9.6]
    23 | D:1      | Reached skill level 1 in Fighting
    93 | D:1      | Found Weduth's One-of-a-Kind Rings.
   126 | D:1      | Reached skill level 3 in Unarmed Combat
   198 | D:1      | Reached XP level 2. HP: 10/23 MP: 4/4
   563 | D:1      | Reached skill level 2 in Fighting
   815 | D:2      | Found Ypintusu's Distillery.
   858 | D:2      | Reached XP level 3. HP: 23/29 MP: 5/5
  1222 | D:2      | Found Kezixejonk's Assorted Antiques.
  1230 | D:2      | Bought a ruby potion for 19 gold pieces
  1230 | D:2      | Bought a scroll labelled ILEXEL YRPHOKOU for 22 gold pieces
  1328 | D:2      | Reached skill level 3 in Shapeshifting
  1332 | D:2      | Reached XP level 4. HP: 26/37 MP: 6/6
  1446 | D:2      | Found Agifikh's General Store.
  1553 | D:2      | Found Peh Sef's Antique Armour Emporium.
  1877 | D:2      | Identified a potion of experience
  1879 | D:2      | Reached skill level 7 in Dodging
  1879 | D:2      | Reached skill level 7 in Shapeshifting
  1879 | D:2      | Reached XP level 5. HP: 42/42 MP: 7/7
  1999 | D:3      | Identified the +7 spear of Wihaomog {drain, rC+ Dex+4}
  2464 | D:3      | Noticed Sigmund
  2472 | D:3      | Killed Sigmund
  2473 | D:3      | Reached skill level 3 in Fighting
  2473 | D:3      | Reached XP level 6. HP: 51/51 MP: 8/8
  3045 | D:4      | Reached XP level 7. HP: 58/58 MP: 9/9
  3161 | D:4      | Reached skill level 8 in Shapeshifting
  3191 | D:4      | You pick up a book of Vapours and begin reading...
  3191 | D:4      | You add the spells Mercury Vapours, Mephitic Cloud and
                  | Freezing Cloud to your library.
  3292 | D:4      | Reached skill level 4 in Fighting
  3555 | D:4      | Noticed Eustachio
  3571 | D:4      | Killed Eustachio
  3937 | D:5      | Entered Level 5 of the Dungeon
  4149 | D:5      | Reached XP level 8. HP: 66/66 MP: 10/10
  4371 | D:5      | Reached skill level 9 in Shapeshifting
  4974 | D:6      | Reached skill level 8 in Dodging
  5618 | D:7      | Found a staircase to the Ecumenical Temple.
  5701 | D:7      | Noticed Joseph
  5716 | D:7      | Killed Joseph
  5782 | D:7      | Found a sand-covered staircase.
  5818 | Ossuary  | Entered an ossuary
  5818 | Ossuary  | Found a huge runed translucent gate.
  5818 | Ossuary  | Found a huge runed translucent gate.
  5818 | Ossuary  | Found a huge runed translucent gate.
  5818 | Ossuary  | Found a huge runed translucent gate.
  5818 | Ossuary  | Found a huge runed translucent gate.
  5818 | Ossuary  | Found a huge runed translucent gate.
  5818 | Ossuary  | Found a huge runed translucent gate.
  5818 | Ossuary  | Found a huge runed translucent gate.
  5819 | Ossuary  | Found a huge runed translucent gate.
  5819 | Ossuary  | Found a huge runed translucent gate.
  5820 | Ossuary  | Found a huge runed translucent gate.
  5820 | Ossuary  | Found a huge runed translucent gate.
  5821 | Ossuary  | Found a huge runed translucent gate.
  5822 | Ossuary  | Found a huge runed translucent gate.
  5822 | Ossuary  | Found a huge runed translucent gate.
  5830 | Ossuary  | Reached XP level 9. HP: 71/71 MP: 11/11
  5834 | Ossuary  | Found a huge runed translucent gate.
  5834 | Ossuary  | Found a huge runed translucent gate.
  5834 | Ossuary  | Found a huge runed translucent gate.
  5834 | Ossuary  | Found a huge runed translucent gate.
  5834 | Ossuary  | Found a huge runed translucent gate.
  5835 | Ossuary  | Found a huge runed translucent gate.
  5835 | Ossuary  | Found a huge runed translucent gate.
  5837 | Ossuary  | Found a huge runed translucent gate.
  5837 | Ossuary  | Found a huge runed translucent gate.
  5838 | Ossuary  | Found a huge runed translucent gate.
  5838 | Ossuary  | Found a huge runed translucent gate.
  5839 | Ossuary  | Found a huge runed translucent gate.
  5839 | Ossuary  | Found a huge runed translucent gate.
  5841 | Ossuary  | Found a huge runed translucent gate.
  5841 | Ossuary  | Found a huge runed translucent gate.
  5851 | Ossuary  | Found a huge runed translucent gate.
  5851 | Ossuary  | Found a huge runed translucent gate.
  5851 | Ossuary  | Found a huge runed translucent gate.
  5851 | Ossuary  | Found a huge runed translucent gate.
  5851 | Ossuary  | Found a huge runed translucent gate.
  6161 | D:7      | HP: 10/58 [wight/+5 great sword (16)]
  6161 | D:7      | HP: 4/55 [wight/+5 great sword (6)]
  6483 | D:7      | HP: 11/59 [wight/+5 great sword (18)]
  6495 | D:7      | HP: 17/82 [wight/+1 long sword of freezing (12)]
  6498 | D:7      | HP: 6/81 [wight/+0 flail (5)]
  6741 | D:7      | Reached skill level 9 in Dodging
  6741 | D:7      | Reached skill level 10 in Shapeshifting
  7089 | D:7      | You pick up a book of Blasting and begin reading...
  7089 | D:7      | You add the spells Volatile Blastmotes, Fulminant Prism and
                  | Iskenderun's Mystic Blast to your library.
  7489 | D:8      | HP: 12/53 [gnoll/+0 flail[a gnoll bouda] (14)]
  8016 | D:8      | You pick up a book of Displacement and begin reading...
  8016 | D:8      | You add the spells Lesser Beckoning, Gell's Gravitas and
                  | Teleport Other to your library.
  8178 | D:8      | Noticed a two-headed ogre
  8184 | D:8      | Killed a two-headed ogre
  8185 | D:8      | Reached skill level 4 in Unarmed Combat
  8185 | D:8      | Reached XP level 10. HP: 34/78 MP: 13/13
  8432 | D:8      | Noticed Pikel
  8453 | D:8      | Killed Pikel
  8656 | D:8      | Noticed Erica
  8676 | D:8      | Killed Erica
  8976 | D:9      | Reached skill level 5 in Unarmed Combat
  9280 | D:9      | Reached skill level 10 in Dodging
  9295 | D:9      | HP: 12/93 [komodo dragon (22)]
  9295 | D:9      | Killed from afar by an orc priest

Vanquished Creatures
  Erica (D:8)
  A two-headed ogre (D:8)
  Pikel (D:8)
  Joseph (D:7)
  Sigmund (D:3)
  Eustachio (D:4)
  A wyvern (D:9)
  A basilisk (D:9)
  A steam dragon (D:8)
  An acid dragon (D:8)
  A water moccasin (D:5)
  A swamp drake (D:9)
  3 ice beasts
  2 orc warriors
  2 sky beasts (D:7)
  2 ogres (D:4)
  2 centaurs
  2 weeping skulls (Ossuary)
  3 kobold brigands
  An elf zombie (Ossuary)
  A phantom (D:4)
  A bullfrog (D:5)
  A gnoll sergeant (D:7)
  3 scorpions (D:5)
  15 wights
  9 killer bees
  2 howler monkeys
  A bombardier beetle (D:5)
  4 hounds
  A human zombie (Ossuary)
  3 orc priests
  3 sleepcaps
  2 gnoll boudas
  An iguana (D:4)
  5 orc wizards
  2 mummies (Ossuary)
  A howler monkey zombie (Ossuary)
  6 adders
  12 gnolls
  3 shadow imps
  A white imp (D:6)
  An adder zombie (Ossuary)
  3 ribbon worms
  6 dart slugs
  18 orcs
  11 endoplasms
  4 giant cockroaches
  5 goblins
  7 hobgoblins
  6 jackals
  3 quokkas
  5 ball pythons
  4 bats
  A frilled lizard (D:1)
  13 kobolds
  An orc zombie (Ossuary)
  4 rats
198 creatures vanquished.

Table legend:
 A = Non-vault XP
 B = Vault XP
 C = Vault XP percentage of total XP
 D = Non-vault monster count
 E = Vault monster count
 F = Vault count percentage of total count
                 A         B        C        D         E       F
            +---------+---------+-------+---------+---------+-------
      Total |    6160 |    3714 |  37.6 |     160 |      38 |  19.2
            +---------+---------+-------+---------+---------+-------
        D:1 |      38 |       2 |   5.0 |      21 |       1 |   4.5
        D:2 |      46 |      49 |  51.6 |      16 |       3 |  15.8
        D:3 |      70 |     226 |  76.4 |      16 |       1 |   5.9
        D:4 |     429 |     293 |  40.6 |      12 |      14 |  53.8
        D:5 |    1084 |       0 |   0.0 |      28 |       0 |   0.0
        D:6 |     436 |       0 |   0.0 |       8 |       0 |   0.0
        D:7 |    1338 |     669 |  33.3 |      23 |       4 |  14.8
        D:8 |    1938 |    1515 |  43.9 |      24 |       2 |   7.7
        D:9 |     781 |     569 |  42.1 |      12 |       4 |  25.0
    Ossuary |       0 |     391 | 100.0 |       0 |       9 | 100.0
            +---------+---------+-------+---------+---------+-------

Skill      XL: |  1  2  3  4  5  6  7  8  9 10 |
---------------+-------------------------------+-----
Fighting       | 1 2 3 4 |  4.0
Unarmed Combat | 3 4 5 |  5.2
Shapeshifting  | 3 7 8 9 10 | 10.7
Dodging        | 7 8 9 10 | 10.0
Polearms       | |  0.1

Action                     |  1- 3 |  4- 6 |  7- 9 | 10-12 || total
---------------------------+-------+-------+-------+-------++-------
  Melee: Unarmed           |    68 |       |    68 |    85 ||   221
         Punch             |     3 |       |     1 |       ||     4
         Short sword       |    12 |       |       |       ||    12
         Rapier            |    15 |    37 |       |       ||    52
         Spear             |       |    38 |   344 |       ||   382
         Maw               |       |       |    24 |       ||    24
         Constrict         |       |       |     4 |    26 ||    30
    Use: Scroll            |     9 |     4 |     7 |     5 ||    25
         Potion            |       |     2 |     7 |     2 ||    11
   Stab: Sleeping          |     2 |     5 |     8 |       ||    15
 Armour: Animal skin       |    48 |    25 |     6 |       ||    79
         Skin              |       |     1 |    66 |    62 ||   129
         Leather armour    |       |       |    86 |       ||    86
         Plate armour      |       |       |    94 |       ||    94
  Dodge: Dodged            |    62 |    37 |   289 |    85 ||   473
   Form: Serpent           |       |       |     1 |       ||     1
         Maw               |       |       |     1 |       ||     1

Illustrated notes

Table legend:
 A = Kills in this place as a percentage of kills in the entire game.
 B = Kills by you in this place as a percentage of kills by you in the entire game.
 C = Kills by friends in this place as a percentage of kills by friends in the entire game.
 D = Other kills in this place as a percentage of other kills in the entire game.
 E = Experience gained in this place as a percentage of experience gained in the entire game.
 F = Experience gained in this place divided by the number of levels of this place that you have seen.
                   A       B       C       D       E      F
               +-------+-------+-------+-------+-------+----------------------
         Total | 100.0 | 100.0 |   N/A |   N/A | 100.0 | 987.4
       Dungeon |  95.5 |  95.5 |   N/A |   N/A |  96.0 | 1053.7
       Ossuary |   4.5 |   4.5 |   N/A |   N/A |   4.0 | 391.0
               +-------+-------+-------+-------+-------+----------------------

Table legend: (Time is in decaauts)
 A = Elapsed time spent in this place.
 B = Non-inter-level travel time spent in this place.
 C = Inter-level travel time spent in this place.
 D = Time resting spent in this place.
 E = Time spent auto-exploring this place.
 F = Levels seen in this place.
 G = Mean time per level.
                   A        B        C        D        E       F      G
               +--------+--------+--------+--------+--------+-----+--------+
         Total |   9264 |   8908 |    356 |    477 |   6458 |  10 |  926.4 |
       Dungeon |   9102 |   8746 |    356 |    477 |   6458 |   9 | 1011.3 |
       Ossuary |    162 |    162 |      0 |      0 |      0 |   1 |  162.0 |
               +--------+--------+--------+--------+--------+-----+--------+

Top non-repeatable levels by time:
     D:7: 1835 daAuts
     D:8: 1347 daAuts
     D:4: 1158 daAuts
     D:2: 1101 daAuts
     D:5: 962 daAuts
     D:3: 859 daAuts
     D:1: 812 daAuts
     D:6: 675 daAuts
     D:9: 350 daAuts
 Ossuary: 162 daAuts
